[Event "ICC Open 2015"]
[Site "Internet Chess Club"]
[Date "2015.05.30"]
[Round "9"]
[White "lagarto300"]
[Black "PCC"]
[Result "0-1"]
[ICCResult "White forfeits on time"]
[WhiteElo "1978"]
[BlackElo "2118"]
[Opening "Queen's Indian: Nimzovich variation (exaggerated fianchetto)"]
[ECO "E15"]
[NIC "QI.05"]
[Time "15:48:13"]
[TimeControl "180+0"]

1. d4 Nf6 2. c4 e6 3. Nf3 b6 4. g3 Ba6 5. Nbd2 Bb4 6. Qc2 Bb7 7. Bg2 Be4 8.
Qb3 Bxd2+ 9. Bxd2 O-O 10. O-O d6 11. Rfe1 Nbd7 12. Bc3 Qc8 13. Bh3 c5 14.
Nd2 Bc6 15. e4 cxd4 16. Bxd4 Qb7 17. Bg2 Nc5 18. Bxc5 dxc5 19. Rad1 Rfd8 20.
f3 e5 21. Nf1 Qa6 22. Ne3 Rxd1 23. Rxd1 g6 24. Nd5 Bxd5 25. exd5 Ne8 26. Qc3
f6 27. a3 Nd6 28. Bf1 Rc8 29. h4 Qb7 30. Kh2 Qg7 31. Bh3 Rf8 32. Be6+ Kh8
33. Re1 h5 34. b4 Qc7 35. b5 a5 36. bxa6 Qa7 37. Qd3 Kg7 38. Rb1 Qxa6 39.
Qb3 Rb8 40. Rc1 b5 41. cxb5 Rxb5 42. Qc3 Qb6 43. Rc2 c4 44. Qd2 Rb3 45. Qf2
Qxf2+ 46. Rxf2 c3 47. Kg1 Rxa3 48. Rc2 f5 49. Kf1 Kf6 50. Ke2 e4 51. f4 Ra1
52. Rxc3 Ra2+ 53. Ke3 Rg2 54. Kd4 Rd2+ 55. Kc5 Ke7 56. Ra3 Rc2+ 57. Kd4 Rd2+
58. Ke3 Rg2 59. Ra7+ Ke8 60. Kd4 Rxg3 61. Ke5 Nc4+ 62. Kf6 Kd8 63. Ra8+ Kc7
64. d6+ Kb6 65. Kf7 Nxd6+ 66. Ke7 Nb5 67. Rb8+ Kc5 {White forfeits on time}
0-1

[Event "ICC Open 2015"]
[Site "Internet Chess Club"]
[Date "2015.05.30"]
[Round "9"]
[White "GeneraLisimus"]
[Black "Swedchamp"]
[Result "1-0"]
[ICCResult "Black forfeits on time"]
[WhiteElo "3199"]
[BlackElo "2688"]
[Opening "Scandinavian: Pytel-Wade variation"]
[ECO "B01"]
[NIC "SD.02"]
[Time "15:48:42"]
[TimeControl "180+0"]

1. e4 d5 2. exd5 Qxd5 3. Nc3 Qd6 4. Nf3 Nf6 5. g3 Bg4 6. Bg2 c6 7. O-O e6 8.
d3 Nbd7 9. Re1 Qc7 10. h3 Bxf3 11. Qxf3 Be7 12. g4 O-O 13. g5 Nd5 14. Ne4
Rac8 15. a3 Ne5 16. Qg3 Ng6 17. h4 Qxg3 18. fxg3 Bd8 19. Bd2 Nge7 20. c4 Nb6
21. b3 Bc7 22. Bc3 Nf5 23. Kf2 Rfd8 24. Rad1 Nd4 25. Rb1 Nf5 26. Red1 c5 27.
h5 Nd4 28. h6 gxh6 29. gxh6 Be5 30. g4 Kf8 31. g5 Ke7 32. b4 cxb4 33. Bxb4+
Ke8 34. Nf6+ Bxf6 35. gxf6 Nf5 36. Bxb7 Rc7 37. Be4 Nxh6 38. Rg1 Kd7 39. Rg7
Kc8 40. Be7 Re8 41. Rh1 Nf5 42. Bxf5 exf5 43. Rxf7 Nd7 44. Rfxh7 Ne5 45.
R1h3 Rd7 46. Ke2 Ng4 47. Kd2 Ne5 48. Kc3 Ng4 49. f7 Rdxe7 50. fxe8=Q+ Rxe8
51. Rxa7 Kb8 52. Rhh7 {Black forfeits on time} 1-0

[Event "ICC Open 2015"]
[Site "Internet Chess Club"]
[Date "2015.05.30"]
[Round "9"]
[White "zelog"]
[Black "nadalthegreat"]
[Result "0-1"]
[ICCResult "White forfeits on time"]
[WhiteElo "2030"]
[BlackElo "1781"]
[Opening "English, 1...Nf6 (Anglo-Indian defense)"]
[ECO "A15"]
[NIC "EO.64"]
[Time "15:48:12"]
[TimeControl "180+0"]

1. c4 Nf6 2. g3 g6 3. Bg2 Bg7 4. Nf3 O-O 5. O-O d6 6. Nc3 Nc6 7. d3 Re8 8.
Rb1 Bg4 9. b4 Nd7 10. Bd2 Nb6 11. b5 Ne5 12. Nxe5 Bxe5 13. Bxb7 Rb8 14. Bc6
Rf8 15. a4 Bh3 16. Re1 e6 17. a5 Nd7 18. Qc1 Nc5 19. Bh6 Qf6 20. Bxf8 Bxc3
21. Bh6 Bxe1 22. Qxe1 g5 23. d4 Qxd4 24. Bxg5 Qxc4 25. Rc1 Qd4 26. Be3 Qe5
27. Qb4 a6 28. Qh4 Bf5 29. Bd4 Qxe2 30. Qg5+ Bg6 31. Bxc5 dxc5 32. Qxc5 axb5
33. a6 Qd2 34. a7 Rd8 35. a8=Q Rxa8 36. Bxa8 b4 37. Qxc7 b3 38. Qc8+ Kg7 39.
Qc3+ Qxc3 40. Rxc3 b2 41. Rb3 b1=Q+ 42. Rxb1 Bxb1 43. Kg2 Bg6 44. f4 f5 45.
Kf3 Kf6 46. Ke3 Bf7 47. Kd4 Be8 48. Bb7 Bf7 49. Bf3 Bg6 50. Be2 h6 51. Bc4
Bf7 52. h3 Bg6 53. Bb5 Bf7 54. Bc6 Bg6 55. Bd7 Bf7 56. Bc8 Bg6 57. Bb7 Bf7
58. Bf3 Be8 59. g4 Bf7 60. gxf5 Kxf5 61. Ke3 Kf6 62. Kf2 Bg6 63. Kg3 Bf5 64.
h4 Bd3 65. Bg4 Bf5 66. Bh5 Bg6 67. Bf3 Bf5 68. Bg4 Bg6 69. h5 Bf5 70. Kh4
Bxg4 71. Kxg4 e5 72. f5 e4 73. Kf4 e3 {White forfeits on time} 0-1

[Event "ICC Open 2015"]
[Site "Internet Chess Club"]
[Date "2015.05.30"]
[Round "9"]
[White "TapculescuM"]
[Black "santiagoelawad"]
[Result "0-1"]
[ICCResult "White forfeits on time"]
[WhiteElo "1861"]
[BlackElo "2055"]
[Opening "Queen's pawn game, Darooha variation "]
[ECO "D02"]
[NIC "QP.09"]
[Time "15:48:13"]
[TimeControl "180+0"]

1. Nf3 d5 2. d4 Nf6 3. g3 Bf5 4. Bg2 e6 5. O-O Be7 6. b3 O-O 7. Bb2 h6 8.
Nbd2 c6 9. Ne5 Bh7 10. f3 Nbd7 11. e4 Nxe5 12. dxe5 Nd7 13. f4 Qb6+ 14. Kh1
a5 15. a3 Nc5 16. Bd4 Qc7 17. f5 Nxe4 18. f6 gxf6 19. exf6 Nxf6 20. Bxf6
Bxf6 21. Rxf6 Qe5 22. Rxh6 Bg6 23. Nf3 Qc3 24. Qd4 Qxd4 25. Nxd4 Kg7 26. Rh4
c5 27. Nf3 Bxc2 28. Rc1 Bxb3 29. Rxc5 Rac8 30. Rxc8 Rxc8 31. h3 Rc1+ 32. Kh2
a4 33. Rb4 Ra1 34. Rxb7 Rxa3 35. Ne5 Ra2 36. Rxf7+ Kg8 37. Rb7 d4 38. h4 Bd5
39. Rc7 Rxg2+ 40. Kh3 Re2 41. h5 a3 42. h6 Be4 43. g4 Re1 44. g5 Rh1+ 45.
Kg4 Rg1+ 46. Kh5 Bf5 47. g6 Rh1+ 48. Kg5 Rg1+ 49. Kf6 Rxg6+
{White forfeits on time}
0-1

[Event "ICC Open 2015"]
[Site "Internet Chess Club"]
[Date "2015.05.30"]
[Round "9"]
[White "Favarin"]
[Black "Cinzento"]
[Result "1-0"]
[ICCResult "Black forfeits on time"]
[WhiteElo "1951"]
[BlackElo "1782"]
[Opening "Queen's pawn: London system"]
[ECO "A45"]
[NIC "QP.07"]
[Time "15:48:21"]
[TimeControl "180+0"]

1. d4 Nf6 2. Bf4 g6 3. Nc3 Bg7 4. Qd2 d5 5. O-O-O Ne4 6. Nxe4 dxe4 7. c3 Be6
8. Kb1 Qd5 9. b3 b5 10. e3 c6 11. c4 bxc4 12. Bxc4 Qd7 13. Qb4 Bxc4 14. Qxc4
O-O 15. Ne2 e6 16. Nc3 f5 17. Na4 Re8 18. Nc5 Qd5 19. Kc2 a5 20. h4 h5 21.
Kc3 Na6 22. Qxd5 exd5 23. Nxa6 Rxa6 24. Rc1 c5 25. Kd2 cxd4 26. exd4 Bxd4
27. Rc7 Bxf2 28. Rhc1 Bb6 29. R7c6 Kf7 30. Bc7 e3+ 31. Ke2 d4 32. Rxb6 Rxb6
33. Bxb6 d3+ 34. Kxd3 f4 35. Ke2 Kf6 36. Rc4 Kf5 37. Bxa5 Kg4 38. Be1 Ra8
39. a4 Rd8 40. b4 g5 41. hxg5 Kxg5 42. Kf3 Rd5 43. a5 Rd1 44. Ke2 Rb1 45. a6
Rb2+ 46. Kf3 Ra2 47. b5 Ra1 48. Ke2 {Black forfeits on time} 1-0

[Event "ICC Open 2015"]
[Site "Internet Chess Club"]
[Date "2015.05.30"]
[Round "9"]
[White "Danya"]
[Black "faust"]
[Result "0-1"]
[ICCResult "White resigns"]
[WhiteElo "3074"]
[BlackElo "3234"]
[Opening "Sicilian: Canal-Sokolsky (Nimzovich-Rossolimo, Moscow) attack"]
[ECO "B51"]
[NIC "SI.01"]
[Time "15:48:40"]
[TimeControl "180+0"]

1. e4 c5 2. Nf3 d6 3. Bb5+ Nd7 4. O-O a6 5. Bd3 Ngf6 6. Re1 b5 7. c4 bxc4 8.
Bxc4 e6 9. Nc3 Be7 10. d4 cxd4 11. Nxd4 Nb6 12. Nc6 Qc7 13. Bd5 Nbxd5 14.
exd5 O-O 15. Bg5 h6 16. Nxe7+ Qxe7 17. Bxf6 Qxf6 18. dxe6 Bxe6 19. Qxd6 Rfd8
20. Qg3 a5 21. Rad1 a4 22. a3 Bb3 23. Rxd8+ Rxd8 24. h3 Qf5 25. Qe3 Qc2 26.
Re2 Qg6 27. Qe4 Qa6 28. Re3 Qf6 29. Rf3 Qa6 30. Re3 Qf6 31. Rf3 Qa6 32. Kh2
Qd6+ 33. Qf4 Qc6 34. Rg3 Rd6 35. Ne4 Re6 36. Nd2 Bd5 37. Qd4 Rf6 38. Rg4 Kh8
39. Nf1 Qc7+ 40. Kg1 Bb3 41. Ng3 Qc1+ 42. Kh2 Qc7 43. h4 Bc2 44. Kg1 Kh7 45.
Qc4 Rc6 46. Qd4 Rg6 47. Nh5 Bb3 48. Nxg7 Qc1+ 49. Kh2 Rxg4 50. Qxg4 Qxb2 51.
Nh5 Qe5+ 52. g3 Be6 53. Qe4+ Qxe4 54. Nf6+ Kg6 55. Nxe4 Kf5 56. Nc5 Bb3 57.
Kg2 Ke5 58. Kf1 Kd4 59. Nd7 Kc3 60. g4 Kb2 61. g5 hxg5 62. h5 Kxa3 63. Nc5
Bc2 64. Nxa4 Kxa4 65. Kg2 Kb4 66. Kg3 Bf5 67. f4 g4 68. Kh4 f6 {White
resigns} 0-1

[Event "ICC Open 2015"]
[Site "Internet Chess Club"]
[Date "2015.05.30"]
[Round "9"]
[White "paulohaddad"]
[Black "Chaos23"]
[Result "0-1"]
[ICCResult "White forfeits on time"]
[WhiteElo "1840"]
[BlackElo "2065"]
[Opening "Queen's pawn game"]
[ECO "D02"]
[NIC "QP.08"]
[Time "15:48:02"]
[TimeControl "180+0"]

1. d4 d5 2. Nf3 e6 3. Bf4 Bd6 4. Bg3 Ne7 5. e3 O-O 6. Bd3 Nf5 7. Nbd2 c5 8.
c3 Nc6 9. Qe2 c4 10. Bc2 b5 11. e4 dxe4 12. Nxe4 g6 13. Nxd6 Nxd6 14. Ne5
Nxe5 15. Bxe5 f6 16. Bg3 b4 17. O-O bxc3 18. bxc3 Rb8 19. Rab1 Rb6 20. Bxd6
Qxd6 21. Rfe1 Bd7 22. Qxc4 Rc8 23. Qd3 Rbc6 24. Rb3 R6c7 25. c4 Rxc4 26. Bb1
Rxd4 27. Qe3 e5 28. h3 Be6 29. Rb2 Rd1 30. Be4 Rxe1+ 31. Qxe1 Qd4 32. Rb1
Bxa2 33. Rd1 Qa4 34. Bb7 Rb8 35. Bf3 Be6 36. Qe3 Rb3 37. Qc5 Qe8 38. Bd5 Rb8
39. Bxe6+ Qxe6 40. Qc7 Rc8 41. Qxa7 Rf8 42. Qc7 Rf7 43. Rd8+ Kg7 44. Qc8
Qxc8 45. Rxc8 Re7 46. Kf1 f5 47. Ke2 e4 48. f3 Kf6 {White forfeits on time}
0-1

[Event "ICC Open 2015"]
[Site "Internet Chess Club"]
[Date "2015.05.30"]
[Round "9"]
[White "Willy809"]
[Black "ChessicaSimpson"]
[Result "0-1"]
[ICCResult "White forfeits on time"]
[WhiteElo "1702"]
[BlackElo "1754"]
[Opening "Richter-Veresov attack"]
[ECO "D01"]
[NIC "QP.08"]
[Time "15:48:32"]
[TimeControl "180+0"]

1. d4 d5 2. Nc3 Nf6 3. Bg5 c6 4. e4 dxe4 5. Bxf6 exf6 6. Nxe4 Bf5 7. f3 Nd7
8. c3 Qe7 9. Bd3 Qd8 10. Ne2 Bg6 11. Qb3 Be7 12. O-O b6 13. Nf4 Bxe4 14.
fxe4 O-O 15. Rf3 c5 16. Raf1 Rc8 17. Rg3 cxd4 18. cxd4 Re8 19. Bc4 Qc7 20.
Bxf7+ Kh8 21. Bxe8 Rxe8 22. Nh5 Bf8 23. Qf7 Qd6 24. Nxg7 Re7 25. Nf5 Qxg3
26. Qxf8+ Nxf8 27. hxg3 Rxe4 28. Kf2 Re6 29. Kf3 Ng6 30. Rd1 Re8 31. d5 Rd8
32. d6 Kg8 33. Ke4 Kf7 34. Kd5 Ne5 35. Rh1 Kg6 36. g4 Nxg4 37. Ne7+ Kg5 38.
Rxh7 Ne3+ 39. Kc6 Nc4 40. Rg7+ Kf4 41. Nd5+ Ke5 42. Re7+ Kd4 43. Rxa7 Ne5+
44. Kc7 Rd7+ 45. Kxb6 Rxa7 46. Kxa7 Kxd5 47. d7 Nxd7 48. b4 f5 49. b5 f4 50.
b6 Nxb6 51. Kxb6 Ke4 52. a4 Ke3 53. a5 Kf2 54. a6 Kxg2 55. a7 f3 56. a8=Q
Kf2 {White forfeits on time} 0-1

[Event "ICC Open 2015"]
[Site "Internet Chess Club"]
[Date "2015.05.30"]
[Round "9"]
[White "DogGambit"]
[Black "tristanfran"]
[Result "0-1"]
[ICCResult "White forfeits on time"]
[WhiteElo "1668"]
[BlackElo "1829"]
[Opening "Bird's opening"]
[ECO "A02"]
[NIC "VO.07"]
[Time "15:48:35"]
[TimeControl "180+0"]

1. f4 c5 2. Nf3 Nc6 3. e4 d5 4. exd5 Qxd5 5. Nc3 Qd8 6. Bb5 Bd7 7. d3 Nf6 8.
O-O e6 9. h3 Be7 10. Ne4 a6 11. Bxc6 Bxc6 12. Re1 O-O 13. Ne5 Bxe4 14. dxe4
Qxd1 15. Rxd1 Nxe4 16. Be3 Rfd8 17. c3 f6 18. Nd3 c4 19. Nf2 Nxf2 20. Kxf2
Rac8 21. Ke2 Kf7 22. Bb6 Rd6 23. Rxd6 Bxd6 24. Rd1 Ke7 25. Be3 Bc5 26. Kf3
Bxe3 27. Kxe3 Rc6 28. Rd4 b5 29. a4 bxa4 30. Rd1 Rb6 31. Ra1 Rxb2 32. Rxa4
Rxg2 33. Kf3 Rd2 34. Rxc4 Rd3+ 35. Kg2 Kd6 36. Ra4 Rxc3 37. Rxa6+ Rc6 38.
Ra7 Rc7 39. Ra6+ Ke7 40. Kf3 f5 41. Ra8 Kf6 42. Rf8+ Kg6 43. Re8 Rc3+ 44.
Kg2 Kf7 45. Rh8 h6 46. Rd8 Re3 47. Rd7+ Kf6 48. Rd8 e5 49. fxe5+ Rxe5 50.
Rf8+ Kg5 51. Kf3 g6 52. Rg8 Ra5 53. Kg3 Ra3+ 54. Kg2 Ra2+ 55. Kg3 Ra3+ 56.
Kg2 Ra6 57. Kg3 f4+ 58. Kf3 Ra3+ 59. Kg2 Kf5 60. Rh8 h5 61. h4 Kg4 62. Rg8
Ra2+ 63. Kf1 Kf3 64. Kg1 Rg2+ 65. Kf1 Rg4 66. Rg7 Kg3 67. Rf7 Kxh4
{White forfeits on time}
0-1

[Event "ICC Open 2015"]
[Site "Internet Chess Club"]
[Date "2015.05.30"]
[Round "9"]
[White "Aladdin"]
[Black "Red-white"]
[Result "0-1"]
[ICCResult "White forfeits on time"]
[WhiteElo "2388"]
[BlackElo "3078"]
[Opening "Caro-Kann: Tartakower (Nimzovich) variation"]
[ECO "B15"]
[NIC "CK.06"]
[Time "15:48:44"]
[TimeControl "180+0"]

1. e4 c6 2. d4 d5 3. Nc3 dxe4 4. Nxe4 Nf6 5. Nxf6+ exf6 6. c3 Bd6 7. Bd3 O-O
8. Ne2 Re8 9. Qc2 h6 10. Be3 Nd7 11. O-O-O b5 12. Kb1 Nb6 13. Ng3 Be6 14.
Rhe1 Rb8 15. Nf5 Bf8 16. Bf4 Rb7 17. g4 Nc4 18. Ne3 Qa5 19. Nxc4 bxc4 20.
Bf5 Ba3 21. Bc1 Reb8 22. Rd2 Bxf5 23. gxf5 Bxb2 24. Bxb2 Rxb2+ 25. Qxb2
Qxf5+ 26. Ka1 Rxb2 27. Kxb2 Qf4 28. Rde2 Qxh2 29. Re8+ Kh7 30. R1e2 Qh5 31.
R8e7 Qf3 32. R7e3 Qf5 33. Re7 Qd5 34. a4 h5 35. Rxa7 Qf3 36. Ree7 Qxf2+ 37.
Kc1 Kg6 38. Rxf7 Qe3+ 39. Kc2 Qd3+ 40. Kb2 Qd2+ 41. Kb1 Qxc3 42. Rxg7+ Kf5
43. Rg2 Qxd4 44. Rag7 c3 45. R7g3 Qxa4 46. Rf2+ Ke6 47. Rxc3 Qb4+ 48. Kc2
Qe4+ 49. Rd3 h4 50. Kd2 Kf7 51. Re3 Qd4+ 52. Ke2 c5 53. Rff3 c4 54. Rc3 Kg6
55. Ke1 f5 56. Ke2 f4 57. Ke1 Kf5 58. Ke2 Kg4 59. Rh3 Qe4+
{White forfeits on time}
0-1

[Event "ICC Open 2015"]
[Site "Internet Chess Club"]
[Date "2015.05.30"]
[Round "9"]
[White "SurferRosa"]
[Black "Rinazina46"]
[Result "1-0"]
[ICCResult "Black forfeits on time"]
[WhiteElo "2319"]
[BlackElo "1945"]
[Opening "Sicilian: Anderssen variation"]
[ECO "B41"]
[NIC "SI.41"]
[Time "15:48:20"]
[TimeControl "180+0"]

1. e4 c5 2. Nf3 e6 3. d4 cxd4 4. Nxd4 Nf6 5. Nc3 Nc6 6. Ndb5 Bb4 7. a3 Bxc3+
8. Nxc3 d5 9. exd5 exd5 10. Bd3 O-O 11. O-O Bg4 12. f3 Bh5 13. Kh1 d4 14.
Ne4 Nxe4 15. Bxe4 Re8 16. Qd3 Bg6 17. Bxg6 hxg6 18. Bf4 Qb6 19. b4 Rac8 20.
Rad1 a6 21. Rfe1 Rxe1+ 22. Rxe1 Na7 23. Qe4 Qc6 24. Qxd4 Nb5 25. Qa1 Qc4 26.
Be3 Re8 27. Bg1 Rxe1 28. Qxe1 Qxc2 29. Qe8+ Kh7 30. Qxf7 Nc3 31. Qxb7 Qd1
32. Qxa6 Ne2 33. Qb6 Qf1 34. Qf2 Qd1 35. b5 Nf4 36. Qh4+ Nh5 37. b6 Qb1 38.
Qb4 Qf1 39. b7 g5 40. b8=Q Nf4 41. Q8xf4 gxf4 42. Qxf4 Qa1 43. Qe4+ Kg8 44.
a4 Qb1 45. Qc4+ Kh7 46. a5 Qa1 47. Qe4+ Kg8 48. Qe8+ Kh7 49. Qh5+ Kg8 50.
Qd5+ Kh7 51. a6 {Black forfeits on time} 1-0

[Event "ICC Open 2015"]
[Site "Internet Chess Club"]
[Date "2015.05.30"]
[Round "9"]
[White "MichelRocard"]
[Black "VoltesV"]
[Result "1-0"]
[ICCResult "Black resigns"]
[WhiteElo "1942"]
[BlackElo "1572"]
[Opening "Pirc defense"]
[ECO "B07"]
[NIC "PU.08"]
[Time "15:48:59"]
[TimeControl "180+0"]

1. e4 d6 2. d4 Nf6 3. Bd3 e5 4. c3 Be7 5. h3 O-O 6. Nf3 Nbd7 7. O-O Re8 8.
Re1 exd4 9. Nxd4 h6 10. Nd2 Bf8 11. Bc2 a6 12. Qf3 g6 13. Nf1 Bg7 14. Qg3 c5
15. Nf3 Nh5 16. Qxd6 Re6 17. Qd3 Qe7 18. Bd2 Ne5 19. Nxe5 Bxe5 20. Bxh6 Rd6
21. Qe3 b6 22. f4 Bh8 23. e5 Re6 24. Bb3 Bb7 25. Bxe6 Qxe6 26. Rad1 Ng7 27.
Bxg7 Bxg7 28. Ng3 Qxa2 29. Rd7 Bc6 30. Rc7 Qd5 31. Ne4 Re8 32. c4 Qe6 33.
Nd6 Rc8 34. Nxc8 Bd7 35. Nd6 Bf8 36. f5 gxf5 37. Qg5+ Bg7 38. Qd8+ Kh7 39.
Qxd7 Qg6 40. Qxf7 Qg3 41. Qxg7+ Qxg7 42. Rxg7+ Kxg7 43. e6 Kf6 44. e7
{Black resigns}
1-0

[Event "ICC Open 2015"]
[Site "Internet Chess Club"]
[Date "2015.05.30"]
[Round "9"]
[White "saya"]
[Black "RaptureMan"]
[Result "1-0"]
[ICCResult "Black resigns"]
[WhiteElo "2555"]
[BlackElo "2248"]
[Opening "Queen's pawn game"]
[ECO "A46"]
[NIC "QP.06"]
[Time "15:49:02"]
[TimeControl "180+0"]

1. d4 Nf6 2. Nf3 c6 3. Bf4 d5 4. e3 g6 5. c4 Bg7 6. Nc3 O-O 7. h3 Nbd7 8.
Be2 dxc4 9. Bxc4 Nb6 10. Bb3 Nbd5 11. Bh2 Bf5 12. O-O Nxc3 13. bxc3 Ne4 14.
Rc1 Rc8 15. Qe2 Qa5 16. Nh4 Bd7 17. Qc2 Nf6 18. e4 e6 19. Qe2 Rfe8 20. Nf3
c5 21. Rfd1 Ba4 22. Be5 Bxb3 23. axb3 cxd4 24. cxd4 Qb4 25. Qd3 Red8 26. Rc4
Rxc4 27. bxc4 Rc8 28. c5 Qa4 29. Rb1 Qd7 30. Qe3 Qc6 31. Nd2 Nd7 32. Bxg7
Kxg7 33. Ra1 b6 34. Rxa7 bxc5 35. Nf3 cxd4 36. Qxd4+ Kg8 37. Qxd7 Qc1+ 38.
Kh2 Rf8 39. g3 Qc2 40. Kg2 Qxe4 41. Qb7 Qf5 42. Ra8 Rxa8 43. Qxa8+ Kg7 44.
Qa1+ Kg8 45. Qe5 Qd3 46. h4 h5 47. Qf6 Qd5 48. Kh2 Qa2 49. Ne5 Qa7 50. Nc6
Qd7 51. Ne7+ Kf8 52. Nxg6+ {Black resigns} 1-0

[Event "ICC Open 2015"]
[Site "Internet Chess Club"]
[Date "2015.05.30"]
[Round "9"]
[White "wolwerine"]
[Black "Ernani"]
[Result "0-1"]
[ICCResult "White checkmated"]
[WhiteElo "2172"]
[BlackElo "2652"]
[Opening "Sicilian: Anderssen variation"]
[ECO "B41"]
[NIC "SI.41"]
[Time "15:48:25"]
[TimeControl "180+0"]

1. e4 c5 2. Nf3 e6 3. d4 cxd4 4. Nxd4 Nf6 5. Nc3 Nc6 6. Nxc6 bxc6 7. Bd3 d5
8. exd5 cxd5 9. O-O Be7 10. Re1 O-O 11. Qf3 Rb8 12. b3 Nd7 13. Bd2 Bf6 14.
Rad1 Ne5 15. Rxe5 Bxe5 16. Bxh7+ Kxh7 17. Qh5+ Kg8 18. Qxe5 Qf6 19. Qxb8 d4
20. Ne4 Qg6 21. Qf4 Bb7 22. Ng3 Qxc2 23. Rc1 Qxa2 24. Qxd4 Qxb3 25. Bc3 f6
26. Qb4 Qd5 27. f3 Rc8 28. Ne4 a5 29. Qb2 a4 30. Be1 Rxc1 31. Qxc1 Qd4+ 32.
Bf2 Qb4 33. Bc5 Qb3 34. h3 Qd3 35. Nd6 Bd5 36. Qe3 Qc2 37. Kh2 Bxf3 38. Qxf3
Qxc5 39. Qa8+ Kh7 40. Qe4+ Kg8 41. Qa8+ Kh7 42. Qe4+ f5 43. Qxe6 a3 44. Nxf5
a2 45. Qxa2 Qxf5 46. Qe2 Qf4+ 47. g3 Qd4 48. h4 Qd7 49. Qc2+ Kh8 50. Qf2 Qc8
51. Qf4 Qc2+ 52. Kh3 Qc8+ 53. Qg4 Qc6 54. Qh5+ Kg8 55. Qf5 Qh1+ 56. Kg4 Qd1+
57. Kh3 Qc1 58. Qe6+ Kh8 59. Qe4 Kg8 60. Qe8+ Kh7 61. Qh5+ Kg8 62. Qe8+ Kh7
63. Qh5+ Kg8 64. Qe8+ Kh7 65. Qe4+ Kg8 66. Qe8+ Kh7 67. Qe4+ Kg8 68. Qf4
Qh1+ 69. Kg4 Qd1+ 70. Kh3 Qh1+ 71. Kg4 Qd1+ 72. Qf3 Qb1 73. Qf5 Qd1+ 74. Kh3
Qh1+ 75. Kg4 Qd1+ 76. Qf3 Qb1 77. Kh3 Qc1 78. Qd5+ Kh7 79. Qf5+ Kg8 80. Qe6+
Kh8 81. Qe8+ Kh7 82. Qh5+ Kg8 83. Qe8+ Kh7 84. Qh5+ Kg8 85. Qe8+ Kh7 86.
Qe4+ Kg8 87. Qe6+ Kf8 88. Qf5+ Kg8 89. Qe6+ Kh7 90. Qf5+ Kg8 91. Qe6+ Kh7
92. Qf5+ Kg8 93. Qe6+ Kh7 94. Qf5+ Kg8 95. Qe6+ Kf8 96. Qf5+ Ke8 97. Qf4
Qh1+ 98. Kg4 Qd1+ 99. Kh3 Qb1 100. Qe3+ Kd7 101. Qf4 Ke7 102. Qg4 Qh1#
{White checkmated}
0-1

[Event "ICC Open 2015"]
[Site "Internet Chess Club"]
[Date "2015.05.30"]
[Round "9"]
[White "geom"]
[Black "krankenstein"]
[Result "1-0"]
[ICCResult "Black forfeits on time"]
[WhiteElo "1735"]
[BlackElo "1142"]
[Opening "Bishop's opening/Petrov: Urusov gambit"]
[ECO "C24"]
[NIC "IG.04"]
[Time "15:49:16"]
[TimeControl "180+0"]

1. e4 e5 2. Bc4 Nf6 3. d4 exd4 4. Nf3 c5 5. O-O Nc6 6. c3 d6 7. cxd4 Nxd4 8.
Nxd4 cxd4 9. Qxd4 Be7 10. Nc3 O-O 11. Bg5 Qb6 12. Qxb6 axb6 13. a3 Be6 14.
Be2 h6 15. Be3 Ng4 16. Bxb6 Rac8 17. Bxg4 Bxg4 18. f3 Bd7 19. Rfd1 Bc6 20.
Bd4 f6 21. Rd2 f5 22. exf5 Rxf5 23. Re2 Bf6 24. Rd1 Bxd4+ 25. Rxd4 Re5 26.
Red2 Re1+ 27. Kf2 Ree8 28. Rxd6 Rf8 29. Nd5 Kh8 30. Ne7 Rce8 31. Ng6+ Kh7
32. Nxf8+ Rxf8 33. Rd8 Rf7 34. h4 Rf4 35. Kg3 Rf6 36. R8d6 Rg6+ 37. Kf2 Rxd6
38. Rxd6 h5 39. Rxc6 bxc6 40. a4 Kg8 41. a5 Kf8 42. a6 Ke8 43. a7 Kd8 44.
a8=Q+ Kd7 45. Qb7+ Kd6 46. Qxg7 Kc5 47. Qg5+ Kb6 48. Qxh5 Kc7 49. b4 Kb6 50.
Qc5+ Kc7 51. h5 {Black forfeits on time} 1-0

[Event "ICC Open 2015"]
[Site "Internet Chess Club"]
[Date "2015.05.30"]
[Round "9"]
[White "nihil95"]
[Black "JArookie"]
[Result "1-0"]
[ICCResult "Black forfeits on time"]
[WhiteElo "1828"]
[BlackElo "1919"]
[Opening "Scotch gambit: Dubois-Réti defense"]
[ECO "C55"]
[NIC "KP.02"]
[Time "15:49:12"]
[TimeControl "180+0"]

1. e4 e5 2. d4 exd4 3. Nf3 Nc6 4. Bc4 Nf6 5. Qe2 Bb4+ 6. c3 dxc3 7. bxc3 Ba5
8. O-O O-O 9. h3 d6 10. Ba3 Qe7 11. e5 Nxe5 12. Nxe5 Qxe5 13. Qxe5 dxe5 14.
Bxf8 Kxf8 15. Re1 e4 16. Re3 Bf5 17. Bb3 Rd8 18. Na3 Nd5 19. Bxd5 Rxd5 20.
c4 Rd2 21. Nb5 Bb6 22. Rc3 a6 23. c5 Ba5 24. Ra3 b6 25. cxb6 cxb6 26. Na7
Rd6 27. Rc1 Bd7 28. Nc8 Rd2 29. Rb3 b5 30. Na7 Bb6 31. Nc6 Bxf2+ 32. Kf1 e3
33. Ne5 {Black forfeits on time} 1-0

[Event "ICC Open 2015"]
[Site "Internet Chess Club"]
[Date "2015.05.30"]
[Round "9"]
[White "EMILSEBY"]
[Black "esk"]
[Result "1-0"]
[ICCResult "Black checkmated"]
[WhiteElo "2092"]
[BlackElo "1890"]
[Opening "English opening"]
[ECO "A16"]
[NIC "EO.64"]
[Time "15:49:09"]
[TimeControl "180+0"]

1. c4 Nf6 2. Nc3 g6 3. g3 Bg7 4. Bg2 O-O 5. e4 d6 6. Nge2 Nc6 7. O-O Be6 8.
d3 Nd7 9. f4 Nd4 10. Kh1 f5 11. Nxd4 Bxd4 12. Ne2 Bb6 13. b4 fxe4 14. Bxe4
Bf5 15. a4 Bxe4+ 16. dxe4 a6 17. Bb2 e5 18. fxe5 Nxe5 19. c5 Nc4 20. Qb3 d5
21. cxb6 Nxb6 22. Rad1 Rxf1+ 23. Rxf1 Qe7 24. Nc3 Rf8 25. Rxf8+ Qxf8 26. Kg2
Nc4 27. Nxd5 Nxb2 28. Qxb2 c6 29. Qf6 cxd5 30. Qxf8+ Kxf8 31. exd5 Ke7 32.
Kf3 Kd6 33. Ke4 h6 34. Kd4 b6 35. a5 bxa5 36. bxa5 g5 37. g4 Kd7 38. Kc5 Kc7
39. d6+ Kd7 40. Kd5 Ke8 41. Kc6 Kd8 42. d7 h5 43. gxh5 g4 44. h6 g3 45. h7
g2 46. h8=Q+ Ke7 47. d8=Q+ Ke6 48. Qhf6# {Black checkmated} 1-0

[Event "ICC Open 2015"]
[Site "Internet Chess Club"]
[Date "2015.05.30"]
[Round "9"]
[White "Radja"]
[Black "Ancient"]
[Result "1-0"]
[ICCResult "Black forfeits on time"]
[WhiteElo "2407"]
[BlackElo "2124"]
[Opening "French: MacCutcheon, Lasker variation"]
[ECO "C12"]
[NIC "FR.05"]
[Time "15:48:41"]
[TimeControl "180+0"]

1. e4 e6 2. d4 d5 3. Nc3 Nf6 4. Bg5 Bb4 5. e5 h6 6. Bd2 Bxc3 7. bxc3 Ne4 8.
Qg4 Kf8 9. h4 c5 10. Bd3 Nxd2 11. Kxd2 c4 12. Be2 Nc6 13. Rh3 b5 14. Rg3 Rg8
15. Qf4 a5 16. Bh5 Ra7 17. Rf3 Qe8 18. a3 Nd8 19. g4 Qe7 20. g5 hxg5 21.
hxg5 g6 22. Bg4 Rb7 23. Ne2 Rh8 24. Qf6 Qxf6 25. Rxf6 Nc6 26. Nf4 Kg7 27.
Rg1 b4 28. axb4 axb4 29. Nxd5 exd5 30. Rxc6 Bxg4 31. Rxg4 bxc3+ 32. Kxc3
Rh3+ 33. Kd2 c3+ 34. Rxc3 Rxc3 35. Kxc3 Rc7+ 36. Kd3 Kf8 37. Rf4 Ke7 38. Rf6
Rd7 39. f4 Rd8 40. f5 gxf5 41. Rxf5 Rh8 42. Kc3 Rh4 43. Rf6 Rg4 44. Rd6 Rxg5
45. Rxd5 Rg3+ 46. Kc4 Rg2 47. c3 Rg8 48. Rb5 Rc8+ 49. Kd3 Ra8 50. c4 Ra1 51.
Ke4 Re1+ 52. Kd5 Rc1 53. Rb7+ Ke8 54. c5 Kf8 55. e6 fxe6+ 56. Kxe6 Re1+ 57.
Kd6 {Black forfeits on time} 1-0

[Event "ICC Open 2015"]
[Site "Internet Chess Club"]
[Date "2015.05.30"]
[Round "9"]
[White "Kyekerz"]
[Black "leandro-fire"]
[Result "0-1"]
[ICCResult "White forfeits on time"]
[WhiteElo "1278"]
[BlackElo "1457"]
[Opening "Scandinavian defense"]
[ECO "B01"]
[NIC "SD.03"]
[Time "15:49:03"]
[TimeControl "180+0"]

1. e4 d5 2. exd5 Nf6 3. Be2 Nxd5 4. Nf3 Bf5 5. O-O e6 6. d4 Nb4 7. c3 Nc2 8.
Bd3 Bxd3 9. Qxd3 Nxa1 10. Bf4 c6 11. Nbd2 Nc2 12. Qxc2 Be7 13. Qb3 Qb6 14.
Qc2 O-O 15. Be3 Qa5 16. Ne5 Qxa2 17. Ndf3 a5 18. h4 a4 19. Qe4 Qd5 20. Qc2
a3 21. bxa3 Rxa3 22. Ng5 Bxg5 23. hxg5 Ra2 24. Qd3 Nd7 25. c4 Nxe5 26. Qb3
Qxc4 27. Qxb7 Ng4 28. Bf4 Qxd4 29. Bg3 Nxf2 30. Bxf2 Rxf2 31. Rxf2 Rd8 32.
Qxc6 Qd1+ 33. Kh2 Qh5+ 34. Kg3 Qxg5+ 35. Kh2 Qh4+ 36. Kg1 Rd1+ 37. Rf1 Qd4+
{White forfeits on time}
0-1